Map: Blackburn LE

Players

MaxPax

  • Race: Protoss Protoss

Lambo - Winner!

  • Race: Zerg Zerg

Event: DreamHack SC2 Masters 2021 Winter

VOD

Have the link to the VOD?

Description

Time

  • Played on: Oct. 6, 2021, 2:32 p.m.
  • Length: 20:51

All games in this series

Show
View Real Time Build Order
Export as new Build Order

MaxPax Protoss 

Build Orders: 1 Gate Expand, Phoenix Opening, Carriers, Mass Phoenix 

Get SALT Encoding   

  12  0:00  Probe  
  13  0:12  Probe  
  14  0:19  Pylon  
  14  0:24  Probe  
  15  0:37  Probe (Chrono Boost)  
  15  0:41  Gateway  
  16  0:47  Probe (Chrono Boost)  
  16  0:49  Assimilator  
  17  0:52  Probe (Chrono Boost)  
  18  1:04  Probe  
  19  1:16  Probe  
  20  1:26  Nexus  
  20  1:36  Cybernetics Core  
  20  1:39  Probe  
  21  1:44  Assimilator  
  21  1:51  Probe  
  22  1:56  Pylon  
  22  2:03  Probe  
  23  2:11  Adept (Chrono Boost)  
  23  2:13  Warp Gate  
  25  2:15  Probe (Chrono Boost)  
  26  2:26  Probe (Chrono Boost)  
  27  2:32  Probe (Chrono Boost)  
  27  2:36  Stalker  
  30  2:38  Probe (Chrono Boost)  
  32  2:47  Probe x2 (Chrono Boost)  
  33  2:52  Probe (Chrono Boost)  
  33  2:54  Probe  
  33  2:56  Gateway  
  35  3:04  Probe  
  36  3:06  Stargate  
  36  3:09  Stargate  
  36  3:10  Probe  
  37  3:16  Adept  
  37  3:17  Probe  
  40  3:22  Probe  
  40  3:25  Assimilator  
  41  3:28  Pylon  
  41  3:29  Probe  
  42  3:34  Probe  
  42  3:41  Probe  
  44  3:46  Probe  
  45  3:50  Phoenix (Chrono Boost), Pylon  
  45  3:53  Phoenix (Chrono Boost)  
  50  3:59  Probe  
  50  4:01  Zealot  
  53  4:04  Zealot, Pylon  
  53  4:08  Phoenix (Chrono Boost)  
  57  4:12  Assimilator  
  57  4:15  Probe  
  57  4:17  Phoenix (Chrono Boost)  
  59  4:21  Probe  
  60  4:28  Shield Battery  
  60  4:38  Pylon  
  63  4:39  Zealot  
  63  4:40  Zealot, Phoenix (Chrono Boost)  
  63  4:44  Phoenix (Chrono Boost), Probe  
  69  4:47  Probe  
  70  4:58  Phoenix  
  72  5:02  Phoenix  
  72  5:06  Probe x2  
  76  5:08  Pylon  
  76  5:23  Phoenix (Chrono Boost)  
  76  5:27  Phoenix (Chrono Boost)  
  80  5:31  Probe x2  
  80  5:32  Nexus  
  82  5:36  Pylon  
  82  5:43  Probe  
  82  5:48  Pylon  
  82  5:49  Void Ray (Chrono Boost)  
  83  5:50  Void Ray (Chrono Boost)  
  92  5:57  Probe  
  92  6:00  Probe  
  89  6:09  Probe  
  90  6:12  Probe  
  91  6:20  Robotics Facility  
  91  6:21  Probe, Shield Battery  
  91  6:22  Pylon  
  91  6:24  Probe  
  93  6:26  Void Ray  
  93  6:29  Shield Battery  
  97  6:33  Probe  
  97  6:36  Probe  
  97  6:37  Void Ray  
  97  6:38  Protoss Air Weapons Level 1  
  99  6:40  Forge  
  99  6:45  Probe  
  104  6:47  Probe  
  104  6:48  Probe  
  106  6:57  Probe  
  108  7:06  Shield Battery  
  108  7:08  Immortal (Chrono Boost), Shield Battery  
  111  7:15  Shield Battery  
  111  7:16  Pylon  
  111  7:18  Void Ray  
  111  7:20  Robotics Bay  
  111  7:22  Photon Cannon  
  111  7:28  Void Ray  
  111  7:40  Immortal (Chrono Boost)  
  111  7:41  Shield Battery  
  109  7:47  Shield Battery  
  107  7:59  Shield Battery  
  98  8:05  Void Ray, Pylon  
  98  8:07  Pylon  
  98  8:09  Pylon  
  102  8:16  Pylon  
  102  8:19  Photon Cannon  
  102  8:21  Disruptor (Chrono Boost)  
  102  8:22  Robotics Facility  
  105  8:30  Void Ray  
  105  8:33  Zealot x2  
  113  8:48  Void Ray  
  113  8:49  Warp Prism (Chrono Boost)  
  119  8:57  Zealot x2  
  119  9:01  Gateway  
  123  9:04  Pylon  
  123  9:08  Gateway  
  121  9:11  Disruptor  
  121  9:14  Void Ray  
  128  9:32  Observer  
  128  9:33  Fleet Beacon  
  129  9:42  Void Ray  
  133  9:53  Nexus  
  133  9:55  Pylon  
  133  10:05  Probe x2  
  135  10:08  Pylon  
  135  10:29  Photon Cannon  
  135  10:31  Photon Cannon  
  135  10:33  Photon Cannon  
  135  10:34  Shield Battery  
  135  10:37  Observer  
  136  10:44  Nexus  
  136  10:45  Assimilator  
  136  10:48  Carrier (Chrono Boost)  
  136  10:50  Assimilator  
  142  11:01  Carrier (Chrono Boost)  
  148  11:14  Pylon  
  146  11:28  Disruptor  
  146  11:29  Probe  
  146  11:30  Probe  
  143  11:35  Pylon  
  143  11:41  Disruptor  
  143  11:42  Carrier (Chrono Boost)  
  152  11:54  Protoss Air Weapons Level 2 (Chrono Boost)  
  152  11:57  Photon Cannon, Probe x3  
  152  11:58  Twilight Council  
  155  12:01  Carrier  
  155  12:06  Pylon  
  155  12:09  Probe  
  162  12:18  Probe  
  162  12:20  Probe  
  162  12:21  Probe  
  165  12:26  Disruptor  
  167  12:30  Probe  
  167  12:33  Stalker x3  
  174  12:45  Tempest  
  174  12:46  Templar Archives  
  174  12:49  Shield Battery  
  179  12:57  Photon Cannon, Shield Battery  
  179  13:05  Disruptor  
  159  13:14  Carrier (Chrono Boost)  
  140  13:27  High Templar x2  
  140  13:28  Zealot  
  140  13:29  Zealot  
  141  13:48  Carrier (Chrono Boost)  
  147  13:52  Probe x2  
  147  13:53  Psionic Storm  
  149  13:55  Assimilator  
  149  13:56  Assimilator  
  149  13:58  Photon Cannon  
  149  14:01  Photon Cannon  
  149  14:05  Probe x2  
  149  14:08  Carrier (Chrono Boost)  
  149  14:09  Photon Cannon  
  151  14:11  Shield Battery  
  151  14:12  Photon Cannon  
  151  14:14  Pylon  
  155  14:26  High Templar  
  155  14:27  Zealot x3  
  155  14:29  Charge  
  163  14:32  Gateway  
  163  14:34  Gateway  
  163  14:38  Gateway  
  162  14:52  Pylon  
  160  14:53  Nexus, Pylon  
  160  14:55  Pylon  
  160  15:01  High Templar  
  161  15:07  Disruptor (Chrono Boost)  
  161  15:12  High Templar  
  169  15:16  Protoss Ground Weapons Level 1 (Chrono Boost)  
  169  15:17  Disruptor (Chrono Boost)  
  169  15:33  Photon Cannon  
  169  15:35  Shield Battery  
  162  15:36  Observer  
  162  15:41  Carrier (Chrono Boost), Observer  
  161  15:46  Shield Battery  
  167  15:57  Nexus  
  165  16:08  Carrier (Chrono Boost)  
  171  16:16  Photon Cannon  
  171  16:20  Stargate  
  166  16:50  Assimilator  
  166  16:52  Assimilator  
  166  16:54  Protoss Air Weapons Level 3  
  172  16:57  Pylon  
  172  16:58  Photon Cannon  
  172  16:59  Carrier (Chrono Boost)  
  172  17:00  Photon Cannon  
  172  17:01  Pylon  
  172  17:02  Observer  
  172  17:07  Zealot  
  161  17:31  Carrier (Chrono Boost)  
  161  17:35  Probe x3  
  160  17:45  Zealot, High Templar x2  
  160  17:46  Zealot x4  
  160  17:49  Archon  
  174  18:00  Carrier (Chrono Boost)  
  180  18:08  Nexus  
  180  18:15  Pylon  
  180  18:21  Carrier (Chrono Boost)  
  187  18:45  Tempest (Chrono Boost)  
  187  18:46  Photon Cannon  
  185  19:00  Pylon  
  181  19:07  Observer  
  181  19:09  Photon Cannon  
  182  19:17  High Templar  
  184  19:25  Photon Cannon  
  177  19:39  High Templar  
  176  19:49  Assimilator x2  
  176  19:50  Photon Cannon  
  176  19:55  Photon Cannon  
  176  19:57  Photon Cannon  
  176  20:01  Shield Battery  
Show
View Real Time Build Order
Export as new Build Order

Lambo Zerg - Winner!

Build Orders: Hatch First 

Get SALT Encoding   

  12  0:00  Drone  
  13  0:12  Overlord  
  13  0:17  Drone  
  14  0:30  Drone x2  
  16  0:43  Drone  
  17  0:51  Hatchery  
  17  0:54  Drone  
  17  0:57  Drone  
  18  1:08  Extractor  
  17  1:12  Spawning Pool  
  17  1:15  Drone  
  17  1:19  Drone  
  18  1:27  Drone  
  19  1:38  Drone  
  20  1:50  Overlord  
  20  1:59  Queen  
  22  2:02  Queen  
  22  2:04  Drone, Zergling x2  
  26  2:12  Drone  
  26  2:13  Metabolic Boost  
  26  2:15  Drone  
  28  2:23  Zergling x2  
  30  2:30  Drone  
  30  2:33  Hatchery  
  29  2:38  Drone  
  29  2:43  Drone  
  31  2:45  Overlord  
  31  2:46  Drone  
  32  2:52  Queen  
  32  2:58  Drone  
  35  3:02  Queen  
  37  3:07  Drone  
  37  3:09  Overlord  
  40  3:12  Drone x2  
  40  3:14  Drone  
  40  3:16  Drone  
  42  3:20  Drone  
  42  3:21  Drone  
  42  3:24  Overlord  
  44  3:29  Queen  
  44  3:32  Drone  
  47  3:37  Drone x2  
  49  3:44  Drone  
  49  3:45  Roach Warren  
  49  3:52  Queen  
  49  3:55  Drone  
  52  4:01  Drone  
  53  4:03  Overlord  
  53  4:05  Queen  
  53  4:09  Zergling x10  
  60  4:11  Drone  
  60  4:15  Drone  
  62  4:17  Zergling x4, Spore Crawler  
  62  4:20  Spore Crawler  
  62  4:27  Spore Crawler  
  62  4:28  Drone  
  62  4:30  Zergling x6  
  65  4:38  Drone  
  65  4:39  Drone, Overlord  
  65  4:45  Drone x3  
  70  4:54  Lair  
  70  4:55  Drone x3  
  70  4:56  Drone  
  70  4:58  Drone  
  75  5:00  Roach x3  
  81  5:13  Queen, Extractor  
  81  5:14  Extractor, Overlord  
  81  5:22  Overlord x2  
  81  5:25  Overlord  
  81  5:26  Overlord  
  81  5:28  Overlord  
  76  5:31  Overlord  
  76  5:32  Overlord  
  76  5:39  Queen  
  76  5:40  Spore Crawler  
  77  5:45  Drone x3  
  77  5:47  Spore Crawler  
  77  5:48  Queen  
  81  5:55  Nydus Network  
  77  5:59  Roach x3  
  83  6:09  Nydus Network, Roach  
  83  6:10  Roach x3  
  89  6:15  Queen, Roach  
  92  6:20  Queen  
  92  6:23  Roach x2  
  98  6:29  Zergling x8  
  102  6:36  Overlord  
  102  6:46  Nydus Canal  
  102  6:48  Zergling x16  
  102  6:53  Queen  
  109  7:07  Zergling x10  
  114  7:17  Overlord x2  
  114  7:20  Overlord  
  114  7:24  Nydus Canal  
  114  7:35  Roach x2  
  113  7:39  Roach x6  
  113  7:43  Queen  
  119  7:46  Zergling x4  
  117  7:52  Drone x3  
  117  7:57  Drone x2  
  117  8:03  Drone  
  117  8:05  Queen  
  117  8:07  Drone x2  
  117  8:11  Hydralisk Den  
  118  8:17  Drone x2  
  120  8:20  Queen, Extractor  
  120  8:22  Drone x2  
  120  8:23  Drone  
  120  8:25  Drone  
  125  8:30  Drone x3  
  124  8:34  Drone x2  
  124  8:35  Drone  
  124  8:41  Drone x2  
  127  8:43  Muscular Augments  
  123  8:50  Spore Crawler  
  123  8:52  Spore Crawler  
  123  8:53  Drone x4  
  121  8:57  Drone x2  
  121  8:59  Drone  
  121  9:00  Drone  
  126  9:03  Extractor  
  126  9:04  Drone x2, Extractor  
  123  9:10  Infestation Pit  
  123  9:12  Drone x4  
  126  9:20  Drone x2  
  126  9:23  Drone x2  
  119  9:33  Drone x3  
  119  9:35  Drone x2  
  119  9:37  Drone, Queen  
  127  9:47  Hydralisk x2, Hatchery, Evolution Chamber  
  129  9:53  Overlord  
  129  9:57  Overlord x2  
  129  10:05  Hive  
  124  10:07  Drone, Hydralisk x3  
  124  10:12  Hydralisk x2  
  134  10:22  Hydralisk x4  
  142  10:32  Drone x6  
  142  10:34  Evolution Chamber  
  147  10:39  Drone x3  
  147  10:40  Extractor x2  
  148  10:45  Zerg Missile Weapons Level 1  
  148  10:53  Drone x3  
  151  10:59  Grooved Spines, Overlord  
  151  11:01  Zerg Ground Armor Level 1  
  151  11:07  Spore Crawler  
  151  11:08  Overlord  
  150  11:16  Hatchery  
  148  11:27  Viper x6  
  166  11:33  Hatchery  
  165  11:40  Overseer  
  165  11:41  Overlord  
  165  11:47  Overlord  
  165  11:48  Overlord  
  165  11:51  Hydralisk x2  
  165  11:52  Spire  
  165  11:54  Overlord  
  168  11:55  Overlord  
  168  11:58  Overseer  
  168  11:59  Overlord  
  168  12:06  Hydralisk x6  
  180  12:15  Hydralisk x4  
  188  12:34  Hydralisk x5  
  198  12:44  Nydus Canal  
  198  12:49  Overlord  
  198  13:02  Hydralisk x12  
  185  13:13  Hydralisk x5  
  185  13:16  Hydralisk x2  
  193  13:25  Viper  
  189  13:28  Overlord  
  189  13:38  Hydralisk x7  
  189  13:40  Zergling x6  
  194  13:44  Nydus Canal  
  182  13:51  Drone  
  183  14:01  Extractor  
  182  14:06  Zerg Missile Weapons Level 2  
  182  14:07  Zerg Ground Armor Level 2  
  182  14:09  Drone x3, Greater Spire  
  185  14:10  Drone x12  
  185  14:12  Extractor  
  196  14:19  Drone x3  
  196  14:23  Spore Crawler  
  198  14:26  Overseer  
  198  14:27  Pneumatized Carapace  
  198  14:37  Overlord  
  189  14:51  Drone  
  185  14:54  Corruptor  
  185  14:55  Corruptor x6  
  197  15:10  Hatchery, Extractor  
  197  15:11  Overseer x2  
  195  15:18  Spore Crawler  
  195  15:19  Spore Crawler  
  195  15:20  Spore Crawler  
  192  15:21  Spore Crawler  
  192  15:27  Extractor  
  190  15:30  Spore Crawler  
  190  15:31  Spore Crawler  
  190  15:35  Zerg Flyer Armor Level 1  
  188  15:37  Spire  
  186  15:54  Drone x3  
  189  16:01  Drone x9, Spore Crawler  
  189  16:02  Spore Crawler  
  189  16:03  Spore Crawler  
  195  16:11  Pathogen Glands  
  195  16:16  Spore Crawler x2  
  195  16:17  Spore Crawler x2  
  191  16:18  Spore Crawler  
  191  16:20  Spore Crawler  
  191  16:21  Spore Crawler  
  191  16:25  Brood Lord x5  
  198  16:31  Spore Crawler  
  198  16:32  Spore Crawler x2  
  195  16:33  Spore Crawler  
  195  16:38  Ultralisk Cavern, Spore Crawler  
  192  16:46  Brood Lord x2  
  188  16:50  Zerg Flyer Weapons Level 1, Corruptor x5  
  198  17:01  Spore Crawler  
  197  17:08  Neural Parasite, Zerg Missile Weapons Level 3, Spore Crawler x2  
  195  17:09  Spore Crawler  
  195  17:12  Corruptor x2  
  198  17:31  Corruptor x7  
  196  17:37  Brood Lord x2  
  194  17:46  Corruptor x3  
  200  18:08  Drone x2  
  200  18:12  Spore Crawler  
  199  18:51  Drone  
  198  19:03  Corruptor x3  
  200  19:16  Overseer  
  180  19:42  Corruptor x5  
  190  19:49  Brood Lord, Corruptor x4  
  200  20:13  Corruptor x11  

Tags
 
Add a new tag
Caveats
  • Supply blocks, unpowered buildings, or Contaminate may cause inaccurate times.
  • Supply counts are checked every 10 seconds.